[Event "Titled Tuesday Blitz March 01 Early 2022"]
[White "Gadimbayli, Abdulla"]
[Black "Seemann, Jakub"]
[WhiteFideId "13404938"]
[BlackFideId "21874697"]
[WhiteElo "2282"]
[BlackElo "2003"]
[Result "1-0"]
[Round "02"]
[TimeControl "180+1"]
[Date "2022.03.01"]
[WhiteClock "0:01:04"]
[BlackClock "0:00:14"]

1. e4 c6 2. Nf3 d5 3. exd5 cxd5 4. d4 Nf6 5. Ne5 Bf5 6. c3 Nbd7 7. Nd2 g6 8. Be2 Bg7 9. Nxd7 Qxd7 10. O-O O-O 11. Re1 Bg4 12. Nf3 Ne4 13. h3 Be6 14. Bd3 Nd6 15. Qe2 Rfe8 16. Ne5 Bxe5 17. Qxe5 Bf5 18. Bh6 f6 19. Qxd5+ e6 20. Bxf5 gxf5 21. Qb3 Kf7 22. Re3 Ne4 23. Rae1 Rg8 24. f3 Nd2 25. Qc2 Nc4 26. Rxe6 Rae8 27. Qxf5 Rg6 28. Rxf6+ Rxf6 29. Qxd7+ 1-0


[Site "https://www.chess.com"]

[Event "Titled Tuesday Blitz March 01 Early 2022"]
[White "Gaehwiler, Gabriel"]
[Black "Matveeva, Olga"]
[WhiteFideId "1314530"]
[BlackFideId "24107018"]
[WhiteElo "2383"]
[BlackElo "2083"]
[Result "1-0"]
[Round "02"]
[TimeControl "180+1"]
[Date "2022.03.01"]
[WhiteClock "0:00:02"]
[BlackClock "0:00:02"]

1. d4 Nf6 2. Nf3 g6 3. b3 Bg7 4. Bb2 O-O 5. Nbd2 d5 6. g3 c6 7. Bg2 Bg4 8. O-O Bxf3 9. Bxf3 Nbd7 10. c4 e6 11. Bg2 Re8 12. Qc2 Rc8 13. Rfd1 Qe7 14. Rac1 Bh6 15. e3 Bg7 16. Qb1 Ng4 17. Nf3 f5 18. a3 Ngf6 19. b4 Ne4 20. Ne1 Ndf6 21. Nd3 Nd7 22. Qa1 g5 23. f3 Nd6 24. c5 Nc4 25. e4 fxe4 26. fxe4 Ne3 27. Re1 Nxg2 28. Kxg2 Rf8 29. Rc2 Qf7 30. Qd1 Qg6 31. Rce2 Rce8 32. Bc3 h6 33. Bb2 Kh7 34. Re3 Kg8 35. Qe2 Nf6 36. Ne5 Qh7 37. exd5 exd5 38. Rf1 Ne4 39. Ref3 Rxf3 40. Rxf3 Rf8 41. b5 Rf6 42. bxc6 bxc6 43. a4 h5 44. Rxf6 Bxf6 45. Nxc6 g4 46. Nb4 Qf5 47. Qf1 Qe6 48. Nd3 Ng5 49. Qf4 Nf3 50. Kf1 1-0


[Site "https://www.chess.com"]

[Event "Titled Tuesday Blitz March 01 Early 2022"]
[White "Gatterer, Florian"]
[Black "Krysa, Leandro"]
[WhiteFideId "811688"]
[BlackFideId "116807"]
[WhiteElo "2218"]
[BlackElo "2490"]
[Result "0-1"]
[Round "02"]
[TimeControl "180+1"]
[Date "2022.03.01"]
[WhiteClock "0:00:01"]
[BlackClock "0:00:14"]

1. b3 c5 2. Bb2 Nc6 3. f4 d5 4. e3 a6 5. Nf3 Nf6 6. Be2 g6 7. O-O Bg7 8. Ne5 O-O 9. d3 d4 10. Nxc6 bxc6 11. e4 e5 12. Bc1 exf4 13. Bxf4 Be6 14. Nd2 Nd7 15. Bg4 Qe7 16. Bxe6 Qxe6 17. Nc4 f5 18. Bd6 Rf7 19. exf5 Rxf5 20. Rxf5 Qxf5 21. Qf1 Qxf1+ 22. Rxf1 Re8 23. Kf2 Kf7 24. Re1 Rxe1 25. Kxe1 Ke6 26. Ke2 h5 27. h3 Kd5 28. Bc7 Ke6 29. Bd6 Nf6 30. Bxc5 Nd5 31. a4 g5 32. Kf3 Bf6 33. Ba7 Nb4 34. Na3 Kd5 35. Bb8 Be7 36. g4 h4 37. Ba7 Bd6 38. Ke2 c5 39. Kd1 Kc6 40. a5 Nd5 41. Nc4 Bg3 42. Bb6 Nf4 43. Bd8 Nxh3 44. Bf6 Nf2+ 45. Ke2 h3 46. Be5 h2 47. Bxg3 h1=Q 48. Bxf2 Qc1 49. Ne5+ Kd5 0-1


[Site "https://www.chess.com"]

[Event "Titled Tuesday Blitz March 01 Early 2022"]
[White "Gelman, Alexander"]
[Black "Belyakov, Bogdan"]
[WhiteFideId "4118316"]
[BlackFideId "24104795"]
[WhiteElo "2375"]
[BlackElo "2407"]
[Result "0-1"]
[Round "02"]
[TimeControl "180+1"]
[Date "2022.03.01"]
[WhiteClock "0:00:04"]
[BlackClock "0:00:08"]

1. d4 Nf6 2. Nc3 d5 3. Bf4 a6 4. e3 Bf5 5. f3 e6 6. g4 Bg6 7. h4 h5 8. g5 Ng8 9. a3 Bd6 10. Nh3 Ne7 11. Qd2 c5 12. O-O-O Nbc6 13. Bxd6 Qxd6 14. Nf4 cxd4 15. exd4 O-O-O 16. Kb1 Kb8 17. Nce2 Bf5 18. Nc1 e5 19. dxe5 Nxe5 20. Be2 Rc8 21. Ncd3 Nc4 22. Qb4 Qc7 23. Rc1 Rhd8 24. Rhe1 Nc6 25. Qc5 Bxd3 26. Nxd3 Qg3 27. Rh1 Re8 28. Bd1 Ne3 29. Nb4 Nxb4 30. Qxb4 Rc4 31. Qd2 Rxh4 32. Re1 d4 33. c3 Rd8 34. cxd4 Nd5 35. Bb3 Qf4 36. Qa5 Qf5+ 37. Ka1 Qd7 38. Re5 Nc7 39. Rec5 Na8 40. d5 b6 41. Qb4 Rxb4 42. axb4 bxc5 43. bxc5 Qb5 44. Ba2 Nc7 45. d6 Ne6 46. c6 Rxd6 47. c7+ Nxc7 0-1


[Site "https://www.chess.com"]

[Event "Titled Tuesday Blitz March 01 Early 2022"]
[White "Godzwon, Iwo"]
[Black "Kollars, Dmitrij"]
[WhiteFideId "21802483"]
[BlackFideId "12909572"]
[WhiteElo "2635"]
[BlackElo "2965"]
[Result "1/2-1/2"]
[Round "02"]
[TimeControl "180+1"]
[Date "2022.03.01"]
[WhiteClock "0:00:08"]
[BlackClock "0:00:08"]

1. e4 c5 2. Nf3 d6 3. d4 cxd4 4. Nxd4 Nf6 5. f3 e5 6. Nb3 d5 7. Bg5 d4 8. c3 Nc6 9. Bb5 Qb6 10. Bxc6+ bxc6 11. cxd4 Bb4+ 12. Nc3 exd4 13. Qxd4 Be6 14. O-O O-O 15. Qxb6 axb6 16. Nd4 Bc4 17. Rfd1 c5 18. Ndb5 Rfd8 19. a3 Ba5 20. Nc7 Bxc3 21. Nxa8 Bd4+ 22. Rxd4 Rxd4 23. Nxb6 Bb3 24. a4 Rb4 25. a5 Ne8 26. Bf4 g5 27. Bg3 f5 28. exf5 Kf7 29. a6 Rxb6 30. a7 Bd5 31. a8=Q Bxa8 32. Rxa8 Rxb2 33. Ra7+ Kf6 34. Ra5 Rc2 35. h4 gxh4 36. Bxh4+ Kxf5 37. Bf2 Rc1+ 38. Kh2 Kg6 39. Bxc5 Nf6 40. Bd4 Rd1 41. Be5 Rd5 42. Rxd5 Nxd5 43. Kg3 Ne3 44. Kf2 Nc4 45. Bd4 h5 46. f4 Nd6 47. Kf3 Kf5 48. Be5 Ne4 49. Bd4 Nd6 50. Be5 1/2-1/2


[Site "https://www.chess.com"]

[Event "Titled Tuesday Blitz March 01 Early 2022"]
[White "Goryachkina, Aleksandra"]
[Black "Heinemann, Josefine"]
[WhiteFideId "4147103"]
[BlackFideId "12900460"]
[WhiteElo "2426"]
[BlackElo "2300"]
[Result "0-1"]
[Round "02"]
[TimeControl "180+1"]
[Date "2022.03.01"]
[WhiteClock "0:00:01"]
[BlackClock "0:00:23"]

1. e4 e5 2. Nf3 Nc6 3. d4 exd4 4. Nxd4 Nf6 5. Nxc6 bxc6 6. Nc3 Bb4 7. Bd3 d5 8. exd5 cxd5 9. O-O O-O 10. h3 h6 11. Bf4 c6 12. Qf3 Bd6 13. Rad1 Bxf4 14. Qxf4 Be6 15. Na4 Qa5 16. b3 c5 17. c4 d4 18. Bf5 Bxf5 19. Qxf5 Rac8 20. Rfe1 Qc7 21. Re5 Nd7 22. Rd5 Rfd8 23. Re1 g6 24. Qf3 Re8 25. Rd1 Re5 26. Rxe5 Nxe5 27. Qd5 Nd7 28. Re1 Nb6 29. Nxb6 axb6 30. Qf3 Qd6 31. Qd3 Rd8 32. a4 Kg7 33. Re2 Rd7 34. g3 Re7 35. Rxe7 Qxe7 0-1


[Site "https://www.chess.com"]

[Event "Titled Tuesday Blitz March 01 Early 2022"]
[White "Grafil, Franz Robert"]
[Black "Samadov, Read"]
[WhiteFideId "5205298"]
[BlackFideId "13417444"]
[WhiteElo "2211"]
[BlackElo "2084"]
[Result "1-0"]
[Round "02"]
[TimeControl "180+1"]
[Date "2022.03.01"]
[WhiteClock "0:00:03"]
[BlackClock "0:00:01"]

1. Nf3 Nf6 2. c4 e6 3. g3 d5 4. Bg2 d4 5. O-O c5 6. e3 Nc6 7. exd4 cxd4 8. d3 Bd6 9. Bg5 h6 10. Bxf6 Qxf6 11. Nbd2 Bc7 12. Ne4 Qe7 13. b4 Qxb4 14. Rb1 Qe7 15. Re1 O-O 16. Ned2 Rb8 17. Nb3 Rd8 18. Qd2 a5 19. Qb2 Qf6 20. Nc5 b6 21. Ne4 Qe7 22. h4 Ba6 23. Qc2 Nb4 24. Qd2 f5 25. Neg5 hxg5 26. Nxg5 Rd6 27. a3 Nc6 28. Nxe6 Rxe6 29. Rxe6 Qxe6 30. Bd5 Qxd5 31. cxd5 Ne5 32. Qf4 Bxd3 33. Rc1 Bd6 34. Rc6 Nxc6 35. Qxd6 Re8 36. dxc6 Re1+ 37. Kg2 Rc1 38. Qxd4 Be4+ 39. f3 Bxc6 40. Kf2 Rc5 41. Qd8+ Kh7 42. Qxb6 Rc2+ 43. Ke3 a4 44. Kf4 Rc3 45. Kxf5 Rxf3+ 46. Kg4 Rf6 47. Qd4 Be8 48. h5 Kh8 49. Qd8 Rf8 50. Kg5 Rg8 51. g4 Bxh5 52. Qd5 Be8 53. Qh1+ 1-0


[Site "https://www.chess.com"]

[Event "Titled Tuesday Blitz March 01 Early 2022"]
[White "Griffith, Kyron"]
[Black "Viani Antonio Dcunha"]
[WhiteFideId "2046318"]
[BlackFideId "5027330"]
[WhiteElo "2232"]
[BlackElo "2366"]
[Result "1-0"]
[Round "02"]
[TimeControl "180+1"]
[Date "2022.03.01"]
[WhiteClock "0:00:03"]
[BlackClock "0:00:01"]

1. e4 c5 2. Nf3 e6 3. b3 d5 4. exd5 exd5 5. d4 Nf6 6. Bb5+ Nc6 7. Qe2+ Be7 8. O-O O-O 9. dxc5 Bxc5 10. Bb2 Bg4 11. Bxc6 bxc6 12. h3 Bh5 13. Nbd2 Re8 14. Qd3 Bg6 15. Qc3 Qd6 16. a3 Re2 17. b4 Bb6 18. Rad1 Bc7 19. Nc4 Qf4 20. Ne3 Be4 21. Rd4 Qd6 22. Nc4 Qe6 23. Ncd2 Bb6 24. Rd1 Re8 25. Nxe4 dxe4 26. Rd6 Qf5 27. Qxc6 Rxf2 28. Rxf6 gxf6 29. Qxe8+ Kg7 30. Nd4 Qf4 31. Qd7 Qg3 32. Qg4+ Qxg4 33. hxg4 Rxc2 34. Ba1 Ra2 35. Kf1 Rxa3 36. Ne2 e3 37. Ng3 Ra2 38. Nf5+ Kg6 39. Bd4 Rf2+ 40. Ke1 Bxd4 41. Rxd4 Rxg2 42. Nxe3 Rg3 43. Kf2 Rh3 44. Rd7 Kg5 45. Rxf7 Rh2+ 46. Kf3 Rh3+ 47. Ke4 f5+ 48. Rxf5+ Kg6 49. Re5 Rh2 50. Ra5 1-0


[Site "https://www.chess.com"]

[Event "Titled Tuesday Blitz March 01 Early 2022"]
[White "Gubanov, Oleg"]
[Black "Fier, Alexandr"]
[WhiteFideId "14115115"]
[BlackFideId "2107139"]
[WhiteElo "2080"]
[BlackElo "2569"]
[Result "0-1"]
[Round "02"]
[TimeControl "180+1"]
[Date "2022.03.01"]
[WhiteClock "0:00:15"]
[BlackClock "0:01:39"]

1. e4 e5 2. Nf3 Nf6 3. Nxe5 d6 4. Nf3 Nxe4 5. Bd3 Nf6 6. O-O Be7 7. Re1 O-O 8. c4 b6 9. Nc3 Bb7 10. Bf1 Nbd7 11. d4 d5 12. Ne5 a6 13. Qb3 c5 14. Nxd7 Nxd7 15. Nxd5 Bxd5 16. cxd5 cxd4 17. Qc4 Bf6 18. Bf4 b5 19. Qc6 Ra7 20. a4 bxa4 21. Rxa4 Nb6 22. Ra5 Nc4 23. Ra2 Nb6 24. d6 Nd7 25. Rxa6 Nb8 26. Qb6 Rxa6 27. Qxd8 Rxd8 28. Bxa6 Nxa6 29. d7 g5 30. Re8+ Kg7 31. Be5 Rxd7 32. Bxf6+ Kxf6 0-1


[Site "https://www.chess.com"]

[Event "Titled Tuesday Blitz March 01 Early 2022"]
[White "Gunina, Valentina"]
[Black "Moreira, Ronaldo Alonso"]
[WhiteFideId "4167570"]
[BlackFideId "2110547"]
[WhiteElo "2465"]
[BlackElo "2037"]
[Result "1-0"]
[Round "02"]
[TimeControl "180+1"]
[Date "2022.03.01"]
[WhiteClock "0:02:14"]
[BlackClock "0:00:03"]

1. d4 Nf6 2. c4 e6 3. Nf3 d5 4. Nc3 Bb4 5. Qa4+ Nc6 6. a3 Bxc3+ 7. bxc3 O-O 8. Bg5 h6 9. Bh4 Bd7 10. cxd5 exd5 11. Qc2 Qe7 12. e3 Rfe8 13. Bd3 Qd6 14. Bg3 Qe6 15. Bxc7 Rac8 16. Bg3 Na5 17. O-O Ne4 18. Bxe4 dxe4 19. Nd2 Bb5 20. Rfe1 Bd3 21. Qb2 b6 22. f3 exf3 23. gxf3 Nc4 24. Nxc4 Qxc4 25. Rac1 Re6 26. e4 Rec6 27. Re3 f5 28. Qd2 fxe4 29. fxe4 Qxd4 30. cxd4 Rxc1+ 31. Re1 R8c2 32. Qxd3 1-0


[Site "https://www.chess.com"]

[Event "Titled Tuesday Blitz March 01 Early 2022"]
[White "Hakemi, Arman"]
[Black "Rodchenkov, Vitaly"]
[WhiteFideId "22520805"]
[BlackFideId "4152964"]
[WhiteElo "2208"]
[BlackElo "2337"]
[Result "1/2-1/2"]
[Round "02"]
[TimeControl "180+1"]
[Date "2022.03.01"]
[WhiteClock "0:00:07"]
[BlackClock "0:01:09"]

1. e4 c5 2. Nf3 d6 3. Bb5+ Nd7 4. c3 Nf6 5. Qe2 a6 6. Ba4 b5 7. Bc2 Bb7 8. d4 e5 9. O-O Be7 10. Rd1 Qc7 11. d5 c4 12. b3 O-O 13. Bd2 Rfc8 14. Na3 Nb6 15. Rac1 Qd7 16. Be3 Bd8 17. Nh4 g6 18. Qf3 cxb3 19. Bxb3 Nc4 20. Nxc4 bxc4 21. Bc2 Qg4 22. Rb1 Qxf3 23. Nxf3 Rc7 24. Bb6 Rd7 25. Bxd8 Raxd8 26. Rb6 Bc8 27. Nxe5 dxe5 28. Rxf6 Rb7 29. Rb1 Rxb1+ 30. Bxb1 Kf8 31. Rc6 Ke7 32. Rxc4 Bd7 33. Rb4 Rc8 34. c4 a5 35. Rb6 Rxc4 36. Kf1 Rb4 37. Rxb4 axb4 38. Ke2 Kd6 39. Kd2 Kc5 40. Kc2 g5 41. Kb3 Bb5 42. g3 f6 43. h4 h6 44. Bc2 Bc4+ 45. Kb2 Bb5 46. Bd1 Bd3 47. Bf3 Bc4 48. Bg4 Bd3 49. Bf5 Bc4 50. hxg5 fxg5 51. g4 Bb5 52. Kb3 Be8 53. Be6 Bb5 54. a3 Bc4+ 55. Kb2 bxa3+ 56. Kxa3 Bd3 57. Bf5 Bb5 58. Kb3 Be8 59. Kc3 Bb5 60. Kb3 Be8 61. Be6 Bb5 62. Kc3 Ba6 63. Kb3 Bb5 64. Ka3 Be8 65. Bc8 Bb5 66. Bf5 Be8 67. Kb3 Bb5 68. Kc3 Ba6 69. Kb3 Bb5 70. Ka3 Be8 71. Kb3 Bb5 1/2-1/2


[Site "https://www.chess.com"]

[Event "Titled Tuesday Blitz March 01 Early 2022"]
[White "Hamley, Ryan"]
[Black "Boruchovsky, Avital"]
[WhiteFideId "30959497"]
[BlackFideId "2800055"]
[WhiteElo "2538"]
[BlackElo "2469"]
[Result "1-0"]
[Round "02"]
[TimeControl "180+1"]
[Date "2022.03.01"]
[WhiteClock "0:00:31"]
[BlackClock "0:00:03"]

1. Nf3 d5 2. d4 Nf6 3. Bf4 c5 4. e3 e6 5. Nbd2 Nc6 6. c3 Be7 7. Bd3 c4 8. Bc2 b5 9. O-O a5 10. h3 h6 11. Re1 b4 12. e4 bxc3 13. bxc3 O-O 14. Nh2 Bb7 15. Rb1 Ra7 16. Ng4 Nxg4 17. Qxg4 Bg5 18. exd5 exd5 19. Nf3 Bxf4 20. Qxf4 Bc8 21. Rb5 Re7 22. Rxe7 Nxe7 23. Qb8 Nc6 24. Qb6 Qf6 25. Rxd5 Re8 26. Rc5 Bd7 27. Ba4 Rb8 28. Qc7 Rb1+ 29. Kh2 Bxh3 30. Bxc6 Bxg2 31. Kxg2 Qg6+ 32. Qg3 Qd3 33. Nh2 Kh7 34. Re5 g6 35. Re7 Qf5 36. Be4 Qf6 37. Rxf7+ Qxf7 38. Bxb1 Kg7 39. Qe5+ Kh7 40. Be4 h5 41. Nf3 Kh6 42. Qg5+ Kg7 43. Ne5 1-0


[Site "https://www.chess.com"]

[Event "Titled Tuesday Blitz March 01 Early 2022"]
[White "Harris, Ian"]
[Black "Perez Gormaz, Matias"]
[WhiteFideId "2020092"]
[BlackFideId "3406342"]
[WhiteElo "2359"]
[BlackElo "2352"]
[Result "1-0"]
[Round "02"]
[TimeControl "180+1"]
[Date "2022.03.01"]
[WhiteClock "0:00:03"]
[BlackClock "0:00:01"]

1. e4 c5 2. d4 cxd4 3. c3 Nf6 4. e5 Nd5 5. Bc4 Qc7 6. Qe2 Nb6 7. Bb3 Nc6 8. Nf3 d3 9. Qe4 d5 10. exd6 Qxd6 11. O-O g6 12. Bf4 Qd8 13. Ng5 e6 14. Rd1 Bg7 15. Rxd3 Qe7 16. h4 f5 17. Qe2 e5 18. Re3 e4 19. Bf7+ Kf8 20. Bb3 h6 21. Nf7 Qxh4 22. Bd6+ Ke8 23. Nxh8 Bxh8 24. Nd2 Bd7 25. Bg3 Qg5 26. Nxe4 fxe4 27. Rxe4+ Kf8 28. Bd6+ Kg7 29. Rd1 Kh7 30. Bf4 Qf5 31. Bg3 Bg7 32. Bc2 Rf8 33. Rh4 Qf6 34. Qd3 Kg8 35. Rf4 Qe7 36. Rxf8+ Qxf8 37. Bd6 Bf5 38. Bxf8 Bxd3 39. Rxd3 1-0


[Site "https://www.chess.com"]

[Event "Titled Tuesday Blitz March 01 Early 2022"]
[White "Hess, Robert"]
[Black "Di Nicolantonio, Lucas"]
[WhiteFideId "2022036"]
[BlackFideId "680460"]
[WhiteElo "2557"]
[BlackElo "2381"]
[Result "1-0"]
[Round "02"]
[TimeControl "180+1"]
[Date "2022.03.01"]
[WhiteClock "0:00:25"]
[BlackClock "0:00:11"]

1. b3 Nf6 2. Bb2 g6 3. d3 Bg7 4. Nd2 O-O 5. h3 d5 6. e3 c5 7. Ne2 Nc6 8. g4 d4 9. e4 e5 10. Bg2 h5 11. Ng3 h4 12. Ne2 Nh7 13. a3 Ng5 14. f4 exf4 15. Nxf4 Ne6 16. Nd5 Qd6 17. O-O Ng5 18. Qe1 Qd8 19. Qxh4 Ne5 20. Qg3 Be6 21. Nf4 Nc6 22. h4 Nh7 23. Nxe6 fxe6 24. g5 Be5 25. Qg4 Qe7 26. Nc4 Bc7 27. e5 Nxe5 28. Nxe5 Bxe5 29. Qe4 Rf5 30. Bh3 Nxg5 31. hxg5 Qxg5+ 32. Qg2 Qe3+ 33. Kh1 Kg7 34. Rae1 Rxf1+ 35. Rxf1 Rh8 36. Qxb7+ Kh6 37. Bc1 1-0


[Site "https://www.chess.com"]

[Event "Titled Tuesday Blitz March 01 Early 2022"]
[White "Hoffmann, Asa"]
[Black "Garagulya, Konstantin"]
[WhiteFideId "2001470"]
[BlackFideId "4128931"]
[WhiteElo "2117"]
[BlackElo "2329"]
[Result "0-1"]
[Round "02"]
[TimeControl "180+1"]
[Date "2022.03.01"]
[WhiteClock "0:00:14"]
[BlackClock "0:00:27"]

1. d4 Nf6 2. Bg5 e6 3. Nd2 c5 4. e3 d5 5. c3 Nc6 6. f4 Qb6 7. Rb1 Bd6 8. Bd3 Bd7 9. Ngf3 h6 10. Bh4 Ng4 11. Qe2 cxd4 12. exd4 Bxf4 13. O-O Qc7 14. h3 Nh2 15. Rfe1 O-O 16. Ne5 Nxe5 17. dxe5 f6 18. exf6 gxf6 19. Qh5 Rf7 20. Nb3 Bg3 21. Qg6+ Rg7 22. Qxf6 Rf8 23. Rxe6 Rxf6 24. Bxf6 Bxe6 25. Bxg7 Kxg7 26. Nd4 Bd7 27. Bf5 Be5 28. Re1 Bxd4+ 29. cxd4 Bxf5 0-1


[Site "https://www.chess.com"]

[Event "Titled Tuesday Blitz March 01 Early 2022"]
[White "Horobetz, Graham"]
[Black "Tari, Aryan"]
[WhiteFideId "2047322"]
[BlackFideId "1510045"]
[WhiteElo "2617"]
[BlackElo "2567"]
[Result "0-1"]
[Round "02"]
[TimeControl "180+1"]
[Date "2022.03.01"]
[WhiteClock "0:00:05"]
[BlackClock "0:00:43"]

1. e4 c6 2. d4 d5 3. Nc3 dxe4 4. Nxe4 Nf6 5. Nxf6+ exf6 6. c3 Bd6 7. Bd3 O-O 8. Qc2 Re8+ 9. Ne2 h5 10. O-O h4 11. Bf4 Na6 12. Rfe1 Nc7 13. Qd2 Nd5 14. Bxd6 Qxd6 15. a3 Bd7 16. Rad1 b5 17. Bb1 a5 18. Nc1 g6 19. Nd3 Bf5 20. Nc5 Bxb1 21. Rxb1 Kg7 22. Rxe8 Rxe8 23. Re1 Qf4 24. Qd1 Qg4 25. f3 Rxe1+ 26. Qxe1 Qf5 27. Ne4 h3 28. Qh4 hxg2 29. Qg4 Qxg4 30. fxg4 Ne3 31. Nd6 a4 32. Ne8+ Kh6 33. Nxf6 Nd1 34. h4 Nxb2 35. g5+ Kg7 36. d5 cxd5 37. Nxd5 Nc4 38. Kxg2 Nxa3 39. Nb4 Nc4 40. Kf3 f5 41. Kf4 Kf7 42. Na2 Ke6 43. Nb4 Nb6 44. Na2 Nd5+ 45. Kf3 Ke5 46. Kg3 f4+ 47. Kg4 Ke4 48. h5 Ne3+ 49. Kh3 gxh5 50. g6 Nf5 51. Kg2 f3+ 52. Kf2 h4 53. Nb4 h3 0-1


[Site "https://www.chess.com"]

[Event "Titled Tuesday Blitz March 01 Early 2022"]
[White "Iljin, Timofey"]
[Black "Garriga Cazorla, Pere"]
[WhiteFideId "14110180"]
[BlackFideId "32011601"]
[WhiteElo "2396"]
[BlackElo "2458"]
[Result "0-1"]
[Round "02"]
[TimeControl "180+1"]
[Date "2022.03.01"]
[WhiteClock "0:00:13"]
[BlackClock "0:00:23"]

1. f4 d5 2. Nf3 Nf6 3. g3 c5 4. Bg2 g6 5. O-O Bg7 6. d3 O-O 7. Qe1 Nc6 8. e4 dxe4 9. dxe4 e5 10. Nc3 Re8 11. fxe5 Nxe5 12. Nxe5 Rxe5 13. Bf4 Re8 14. Rd1 Qa5 15. h3 Be6 16. Qf2 Nd7 17. Nd5 Bxd5 18. Rxd5 Nf6 19. Be5 Re6 20. g4 Rae8 21. Bc3 Qc7 22. Rxc5 Qe7 23. e5 Nd7 24. Rc7 Bxe5 25. Bxe5 Rxe5 26. Rxb7 Qe6 27. Qxa7 Rd8 28. Qf2 Re2 29. Qd4 Rxg2+ 30. Kxg2 Qc6+ 31. Kg1 Qxb7 32. Rd1 Qf3 33. Qd3 Qf4 34. c4 h5 35. gxh5 gxh5 36. Kh1 Kf8 37. Qd6+ Qxd6 38. Rxd6 Ke7 39. Rh6 Rc8 40. b3 Nf6 41. a4 Ke6 42. Kg2 Kf5 43. h4 Rb8 44. Kf3 Rxb3+ 45. Ke2 Rc3 46. a5 Rxc4 47. a6 Ra4 48. Kd3 Rxa6 49. Kd4 Ra8 50. Kc5 Rg8 51. Kd6 Rg4 52. Ke7 Ng8+ 53. Kf8 Nxh6 54. Ke7 Rxh4 55. Kf8 Rg4 56. Ke7 h4 57. Kf8 h3 58. Ke7 h2 59. Kf8 h1=Q 60. Ke7 Qe4+ 61. Kf8 Qa8+ 62. Ke7 Re4+ 63. Kd7 Qe8+ 64. Kd6 Rd4+ 65. Kc5 Qe5+ 66. Kb6 Rd6+ 67. Kc7 Qe7+ 68. Kc8 Rd8# 0-1


[Site "https://www.chess.com"]

[Event "Titled Tuesday Blitz March 01 Early 2022"]
[White "Indjic, Aleksandar"]
[Black "Agibileg, Uurtsaikh"]
[WhiteFideId "911925"]
[BlackFideId "4901606"]
[WhiteElo "2907"]
[BlackElo "2619"]
[Result "1-0"]
[Round "02"]
[TimeControl "180+1"]
[Date "2022.03.01"]
[WhiteClock "0:00:19"]
[BlackClock "0:00:01"]

1. d4 Nf6 2. Nf3 g6 3. Bg5 Bg7 4. Nbd2 d5 5. c3 O-O 6. e3 c5 7. dxc5 Nc6 8. Be2 Nd7 9. Nb3 h6 10. Bh4 Nf6 11. h3 Ne4 12. Nfd2 Bf5 13. Nxe4 Bxe4 14. O-O Ne5 15. Bg3 Rc8 16. Bxe5 Bxe5 17. Bf3 e6 18. Bxe4 dxe4 19. Qg4 Qd5 20. Rfd1 Qc4 21. Rd2 h5 22. Qg5 Rxc5 23. Nxc5 Qxc5 24. Qh4 Qc6 25. Rd8 f6 26. Rxf8+ Kxf8 27. Rd1 Kg7 28. g4 Qa4 29. Rd2 hxg4 30. Qxg4 f5 31. Qg5 Bf6 32. Qg3 e5 33. a3 Qc4 34. Qg2 Qe6 35. Qf1 Be7 36. Qb5 Qf6 37. Rd7 Kh6 38. Qxb7 Qg5+ 39. Kf1 Qh5 40. Ke1 Bf6 41. Rh7+ 1-0


[Site "https://www.chess.com"]

[Event "Titled Tuesday Blitz March 01 Early 2022"]
[White "Jaferian, Koosha"]
[Black "Jumabayev, Rinat"]
[WhiteFideId "12507440"]
[BlackFideId "13702661"]
[WhiteElo "2027"]
[BlackElo "2561"]
[Result "1-0"]
[Round "02"]
[TimeControl "180+1"]
[Date "2022.03.01"]
[WhiteClock "0:00:08"]
[BlackClock "0:00:06"]

1. Nf3 Nf6 2. b3 g6 3. Bb2 Bg7 4. g3 O-O 5. Bg2 c5 6. c4 e6 7. O-O Qe7 8. d4 Na6 9. Nc3 d6 10. e3 Rd8 11. Qe2 Rb8 12. Rfd1 b6 13. Ne1 Bb7 14. Nc2 d5 15. cxd5 exd5 16. Rac1 Nc7 17. Ba3 Ne6 18. Ne1 Rbc8 19. Nf3 Qe8 20. Nb1 Ne4 21. Bb2 a5 22. dxc5 bxc5 23. Bxg7 Kxg7 24. Nbd2 Nf6 25. Nf1 d4 26. exd4 Bxf3 27. Bxf3 Nxd4 28. Qxe8 Nxf3+ 29. Kg2 Nh4+ 30. gxh4 Rxe8 31. Ne3 a4 32. bxa4 Ra8 33. Rc4 Re4 34. Rdc1 Rxa4 35. Rxa4 Rxa4 36. Rxc5 Rxa2 37. Rc2 Ra5 38. f3 Nh5 39. Nc4 Rc5 40. Ne3 Rb5 41. Nc4 Rd5 42. Ne3 Rd4 43. Ng4 Nf4+ 44. Kg3 Ne6 45. Ra2 h5 46. Ne3 Rd3 47. Kf2 Nd4 48. Ra7 Rd2+ 49. Kg3 Ne2+ 50. Kf2 Nf4+ 51. Kg3 Ne2+ 52. Kf2 Nd4+ 53. Kg3 Re2 54. Nc4 Nf5+ 55. Kf4 Rxh2 56. Ne5 Rxh4+ 57. Kg5 Rh3 58. Rxf7+ Kg8 59. Kxg6 Nh4+ 60. Kh6 Rg3 61. Ra7 Kf8 62. Kxh5 Nf5 63. Rf7+ Ke8 64. Rxf5 Ke7 65. Ng4 Ke6 66. Rf6+ Ke7 67. Rf4 Rg2 68. Kg5 Ra2 69. Kf5 Ra5+ 70. Ne5 Kd6 71. Rd4+ Ke7 72. Rd7+ Ke8 73. Rb7 Ra2 74. f4 Rf2 75. Ke6 Kf8 76. f5 Kg8 77. f6 Rf1 78. f7+ Kg7 79. Rb8 Rf6+ 80. Ke7 1-0


[Site "https://www.chess.com"]

[Event "Titled Tuesday Blitz March 01 Early 2022"]
[White "Jakubowska, Anna"]
[Black "Mohammadian, Mohammad"]
[WhiteFideId "1121952"]
[BlackFideId "12566055"]
[WhiteElo "1924"]
[BlackElo "1543"]
[Result "1-0"]
[Round "02"]
[TimeControl "180+1"]
[Date "2022.03.01"]
[WhiteClock "0:01:08"]
[BlackClock "0:00:21"]

1. e4 e5 2. Nf3 Nc6 3. Bb5 a6 4. Ba4 Nf6 5. O-O Be7 6. d3 b5 7. Bb3 d6 8. a4 Bb7 9. Na3 b4 10. Nc4 a5 11. Bg5 O-O 12. Ne3 h6 13. Bh4 Bc8 14. d4 exd4 15. Nxd4 Bb7 16. Ndf5 Nxe4 17. Qg4 Ng5 18. f4 Bf6 19. fxg5 Bxg5 20. Bxg5 Qxg5 21. Qxg5 hxg5 22. Bd5 Rab8 23. Bxc6 Bxc6 24. Ne7+ Kh8 25. Nxc6 Rfe8 26. Nxb8 Rxe3 27. Rae1 Re5 28. Rxe5 dxe5 29. Rxf7 Kg8 30. Rxc7 1-0


[Site "https://www.chess.com"]

[Event "Titled Tuesday Blitz March 01 Early 2022"]
[White "Jary, Sergey"]
[Black "Kosakowski, Jakub"]
[WhiteFideId "14110350"]
[BlackFideId "1185080"]
[WhiteElo "2260"]
[BlackElo "2476"]
[Result "0-1"]
[Round "02"]
[TimeControl "180+1"]
[Date "2022.03.01"]
[WhiteClock "0:00:04"]
[BlackClock "0:00:07"]

1. e4 e6 2. d4 d5 3. Nd2 c5 4. Ngf3 cxd4 5. exd5 Nf6 6. Bb5+ Bd7 7. Bxd7+ Qxd7 8. O-O Nxd5 9. Nb3 Nc6 10. Nbxd4 Bd6 11. Nb5 O-O-O 12. Nxd6+ Qxd6 13. a3 Qc5 14. Qe2 Rhe8 15. c4 Nb6 16. b3 e5 17. Qe4 g6 18. Be3 Nd4 19. h3 f5 20. Bxd4 exd4 21. Qh4 Rd7 22. Rfe1 Red8 23. b4 Qc7 24. c5 Nc4 25. Red1 Qc6 26. Rac1 Qb5 27. Qf6 d3 28. Qc3 d2 29. Rc2 Nxa3 30. Qxa3 Rd3 31. Qa1 a6 32. Rcxd2 Rxd2 33. Rxd2 Rxd2 34. Nxd2 Qxb4 35. Qh8+ Kc7 36. Qe5+ Kc6 37. Qd6+ Kb5 38. Qd5 Ka4 39. c6 bxc6 40. Qxc6+ Qb5 41. Qc2+ Ka5 42. Nc4+ Kb4 43. Nb2 Ka3 44. Nd3 a5 45. Qc3+ Ka2 46. Nc1+ Kb1 47. Nb3 a4 48. Nd2+ Ka2 49. Qc2+ Ka3 50. Qc3+ Ka2 51. Qc4+ Qxc4 52. Nxc4 Kb3 53. Nd2+ Kc2 0-1


[Site "https://www.chess.com"]

[Event "Titled Tuesday Blitz March 01 Early 2022"]
[White "Jaskolka, Tomasz"]
[Black "Shevtchenko, Olesya"]
[WhiteFideId "1170791"]
[BlackFideId "24131890"]
[WhiteElo "2054"]
[BlackElo "2003"]
[Result "1-0"]
[Round "02"]
[TimeControl "180+1"]
[Date "2022.03.01"]
[WhiteClock "0:00:43"]
[BlackClock "0:01:57"]

1. d4 d5 2. Bf4 c5 3. e3 Nc6 4. c3 Qb6 5. Qb3 c4 6. Qc2 e5 7. dxe5 Bf5 8. Qc1 g5 9. Bg3 h5 10. h4 g4 11. Ne2 Bg7 12. Nd4 Bg6 13. e6 Nxd4 14. exf7+ Kxf7 15. cxd4 Nf6 16. Nc3 Qa5 17. Be2 Ne4 18. O-O Nxg3 19. fxg3+ Kg8 20. Nxd5 Kh7 21. Nf4 Be4 22. Qxc4 Rhf8 23. Bd3 Qf5 24. Bxe4 Qxe4 25. Rae1 Rac8 26. Qd5 Rxf4 27. Qxh5+ Kg8 1-0


[Site "https://www.chess.com"]